 Dungeon Crawl Stone Soup version 0.31-a0-1338-gb567cfdca4 (webtiles) character file.

Game seed: 12526400461385149888

21927 Rennog the Brawler (level 12, -1/85 HPs)
             Began as an Octopode Shapeshifter on Dec 23, 2023.
             Was an Elder of Elyvilon.
             Slain by an unseen horror (10 damage)
             ... on level 12 of the Dungeon.
             The game lasted 00:31:55 (15677 turns).

Rennog the Brawler (Octopode Shapeshifter)         Turns: 15677, Time: 00:31:56

Health: -1/85      AC:  1    Str: 25    XL:     12   Next: 95%
Magic:  6/12       EV: 13    Int: 12    God:    Elyvilon [****..]
Gold:   178        SH: 12    Dex: 11    Spells: 11/11 levels left

rFire   + .          .
                       - Unarmed
rCold   . . .        I - +2 kite shield
rNeg    . . .        (helmet currently unavailable)
rPois   +            (no amulet)
rElec   .            g - +4 ring of protection
rCorr   +            h - ring of protection from cold
SInv    .            C - ring of poison resistance
Will    ++...        J - +6 ring of strength
Stlth   +++          d - ring of fire
HPRegen 0.34/turn    O - ring of the Jester {Fly rPois Will++ rCorr Stlth-}
MPRegen 0.13/turn    (no ring)
                     (no ring)

%: no passive effects
@: beast-form, corroded, flying
A: beast (slay +4), almost no armour, amphibious, 8 rings, camouflage 1,
gelatinous body 1, (nimble swimmer 1), tentacles
a: Begin Untransformation, Renounce Religion, Purification, Heal Other, Heal
Self


You were on level 12 of the Dungeon.
You worshipped Elyvilon.
Elyvilon was greatly pleased with you.
You were a hulking beast.
You visited 3 branches of the dungeon, and saw 17 of its levels.
You also visited: Sewer.

You collected 923 gold pieces.
You spent 745 gold pieces at shops.

Inventory:

Armour
 I - a +2 kite shield (worn)
Jewellery
 d - a ring of fire (on tentacle)
 g - a +4 ring of protection (left tentacle)
 h - a ring of protection from cold (right tentacle)
 C - a ring of poison resistance (on tentacle)
 J - a +6 ring of strength (on tentacle)
 L - a ring of fire
 N - a ring of protection from cold
 O - the ring of the Jester (on tentacle) {Fly rPois Will++ rCorr Stlth-}
   (You bought it in a shop on level 5 of the Dungeon)

   [ring of flight]

   rPois:     It protects you from poison Will++: It greatly increases your
   willpower.
   Fly:       It grants you flight.
   rCorr:     It protects you from acid and corrosion.
   Stlth-:    It makes you less stealthy.
Talismans
 b - a beast talisman
 c - a flux talisman
Wands
 j - a wand of roots (24)
 y - a wand of charming (23)
 F - a wand of flame (3) (quivered)
 K - a wand of acid (2)
 M - a wand of digging (7)
Scrolls
 e - 3 scrolls of immolation {unknown}
 i - 5 scrolls of identify
 k - 3 scrolls of revelation {unknown}
 l - 4 scrolls of poison {unknown}
 m - 4 scrolls of noise
 n - a scroll of fear {unknown}
 s - 6 scrolls of fog
 v - 3 scrolls of amnesia {unknown}
 x - 3 scrolls of teleportation {unknown}
 A - 2 scrolls of vulnerability {unknown}
 D - a scroll of enchant weapon {unknown}
 E - a scroll of torment {unknown}
 G - 2 scrolls of blinking {unknown}
Potions
 a - 3 potions of lignification
 f - 5 potions of heal wounds {unknown}
 o - 3 potions of mutation {unknown}
 p - 4 potions of magic {unknown}
 q - 2 potions of invisibility {unknown}
 r - a potion of brilliance {unknown}
 t - 6 potions of might {unknown}
 u - 2 potions of degeneration {unknown}
 w - 3 potions of attraction {unknown}
 z - 2 potions of haste {unknown}
 B - a potion of curing
 H - a potion of ambrosia {unknown}


   Skills:
 + Level 9.2 Fighting
 - Level 4.0 Dodging
 - Level 5.1 Stealth
 + Level 8.1 Shields
 * Level 15.3 Unarmed Combat
 - Level 7.1 Shapeshifting


You had 11 spell levels left.
You didn't know any spells.
Your spell library contained the following spells:

 Spells                   Type           Power      Damage    Failure   Level
 Freeze                   Ice            0%         1d3       52%         1
 Magic Dart               Conj           0%         1d3       52%         1
 Sandblast                Erth           0%         2d4       52%         1
 Blink                    Tloc           0%         N/A       65%         2
 Call Imp                 Summ           0%         N/A       65%         2
 Lesser Beckoning         Tloc           0%         N/A       65%         2
 Momentum Strike          Conj/Tloc      0%         3d8       65%         2
 Passwall                 Alch/Erth      0%         N/A       65%         2
 Frozen Ramparts          Ice            0%         1d1       87%         3
 Gell's Gravitas          Tloc           0%         N/A       87%         3
 Hailstorm                Conj/Ice       0%         3d5       87%         3
 Stone Arrow              Conj/Erth      0%         3d7       87%         3
 Teleport Other           Tloc           0%         N/A       87%         3
 Brom's Barrelling Bould  Conj/Erth      0%         2d3       99%         4
 Vhi's Electric Charge    Tloc/Air       0%         N/A       99%         4
 Alistair's Intoxication  Alch           0%         N/A       100%        5
 Arcjolt                  Conj/Air       0%         1d10      100%        5
 Borgnjor's Vile Clutch   Necr/Erth      0%         N/A       100%        5
 Eringya's Noxious Bog    Alch           0%         4d6       100%        6
 Plasma Beam              Fire/Air       0%         2x1d10    100%        6
 Maxwell's Capacitive Co  Air            0%         ∞         100%        8


Dungeon Overview and Level Annotations

Branches:
Dungeon (13/15)            Temple (1/1) D:4            Lair (3/5) D:9
  Swamp (0/4) Lair:2          Orc (0/2) D:9           Sewer (visited)
  Snake: Lair:2-3    Spider: Lair:2-3    Vaults: D:13-14

Altars:
Ashenzari
Cheibriados
Dithmenos
Elyvilon
Fedhas
Gozag
Hepliaklqana
Kikubaaqudgha
Makhleb
Nemelex Xobeh
Okawaru
Qazlal
Ru
Sif Muna
Trog
Uskayaw
Vehumet
Wu Jian
Xom
Yredelemnul
Zin
The Shining One

Shops:
D:5 =   D:7 =(:**

Annotations:
D:4 Duvessa, Eustachio
D:8 2 transporters, Savior361's ghost, novice OnGl
D:10 Maggie
D:11 2 transporters, Snorg; Sonofthefire's ghost, journeyman OpSh


Innate Abilities, Weirdness & Mutations

You are a hulking beast.
Your limbs bulge with bestial killing power. (Slay +4)
You cannot wear most types of armour.
You are amphibious.
You can wear up to eight rings at the same time.
Your skin changes colour to match your surroundings (Stealth+).
Your rubbery body absorbs attacks. (AC +1, EV +1)
((You are camouflaged when in or above water. (Stealth+)))
You have tentacles for arms and can constrict up to eight enemies at once.


Message History

You are healed.
The tengu warrior hits you with a +0 great sword.
The tengu warrior pecks you.
* * * LOW HITPOINT WARNING * * *
The tengu warrior barely misses you. The acid dragon bites you!
* * * LOW HITPOINT WARNING * * *
You block the acid dragon's attack.
You are healed.
You block something's attack. The tengu warrior closely misses you.
The tengu warrior barely misses you. You block the tengu warrior's attack.
The acid dragon bites you but does no damage.
You block the acid dragon's attack.
As you read the scroll labelled MAF OSHRUZAYVIWN, it crumbles to dust.
It is a scroll of identify.
m - 4 scrolls of noise Something hits you!
* * * LOW HITPOINT WARNING * * *
The tengu warrior hits you with a +0 great sword!
* * * LOW HITPOINT WARNING * * *
You block the tengu warrior's attack. x2
The acid dragon spits acid at you. The splash of acid hits you! You resist.
* * * LOW HITPOINT WARNING * * *
The acid corrodes you! Something hits you.
* * * LOW HITPOINT WARNING * * *
You are healed.
You can no longer call upon Elyvilon for divine vigour.
Something hits you!
* * * LOW HITPOINT WARNING * * *
The acid dragon misses you. The acid dragon claws you.
* * * LOW HITPOINT WARNING * * *
Something hits you.
* * * LOW HITPOINT WARNING * * *
The tengu warrior hits you with a +0 great sword!
Elyvilon protects you from harm!
The tengu warrior pecks you but does no damage.
The tengu warrior claws you.
* * * LOW HITPOINT WARNING * * *
You fail to use your ability.
Something hits you!
You die...

.....#..............#..... #.....
.....#..............#..... #.....
.....#..............#..... #.....
.....#(##############....###...##
######....#....#...#.....#.....#
..........#....#...#.....#.....#
.#........'....'...+.....'.....#
.#...#....#....#.{.#.....#.....#
.#...#....#....#hQ.#.....#.....#
.#...#....#....#D..#.....#.....#
##+#####+##....#####...#.#######
#......#....# #...#......#
+......'.)..# #...#......+
#......#....# #..(#......#
####......###### ###+#....#####
.............# #...........
.............# #..........(


You could see a tengu warrior and an acid dragon (catching breath).

Vanquished Creatures
  Erica (D:9)
  Maurice (D:8)
  2 cyclopes (D:12)
  A black mamba (Lair:2)
  2 cane toads
  A gargoyle (D:12)
  2 kobold demonologists
  A komodo dragon (D:8)
  An unseen horror (D:11)
  2 polar bears
  3 trolls
  18 blink frogs
  Prince Ribbit (D:8)
  A slime creature (D:12)
  A vampire (D:10)
  3 wyverns
  2 shadows (D:11)
  Grum (D:10)
  34 yaks
  A steam dragon (D:6)
  An acid dragon (D:12)
  11 water moccasins
  A swamp drake (Lair:2)
  2 black bears
  3 orc warriors
  3 ice beasts
  11 wolves
  An ogre (D:4)
  4 centaurs
  2 phantoms
  5 kobold brigands
  7 bullfrogs
  22 wights
  4 gnoll sergeants
  2 scorpions
  Dowan (D:4)
  5 howler monkeys
  5 hounds
  4 orc priests
  6 jellies
  A sleepcap (D:6)
  12 orc wizards
  Ijyb (D:3)
  8 gnolls
  12 adders
  8 river rats
  A shadow imp (D:6)
  A bombardier beetle (D:6)
  A worm (Sewer)
  28 orcs
  11 ball pythons
  4 bats (D:2)
  10 endoplasms
  8 giant cockroaches
  11 goblins
  4 hobgoblins
  4 jackals
  4 quokkas
  13 frilled lizards
  19 kobolds
  8 rats
348 creatures vanquished.

Notes
Turn   | Place    | Note
-------+----------+-------------------------------------------
     0 | D:1      | Rennog the Octopode Shapeshifter began the quest for the
                  | Orb.
     0 | D:1      | Reached XP level 1. HP: 13/13 MP: 1/1
   108 | D:1      | Reached XP level 2. HP: 11/18 MP: 2/2
   254 | D:1      | Reached XP level 3. HP: 23/23 MP: 3/3
  1163 | D:2      | Found a faded altar of an unknown god.
  1366 | D:3      | Reached skill level 4 in Unarmed Combat
  1366 | D:3      | Reached XP level 4. HP: 29/29 MP: 4/4
  1690 | D:3      | Noticed Ijyb
  1865 | D:4      | Noticed Eustachio
  2307 | D:4      | Found a staircase to the Ecumenical Temple.
  2316 | Temple   | Entered the Ecumenical Temple
  2326 | Temple   | Became a worshipper of Elyvilon the Healer
  2443 | D:4      | Noticed an ogre
  2458 | D:4      | Killed an ogre
  2459 | D:4      | Reached XP level 5. HP: 29/35 MP: 5/5
  2481 | D:4      | Noticed a lemure
  2514 | D:4      | Found a glowing drain.
  2520 | D:4      | Reached skill level 5 in Unarmed Combat
  2531 | Sewer    | Entered a sewer
  2587 | Sewer    | Reached XP level 6. HP: 36/41 MP: 6/6
  2732 | Sewer    | Reached * piety under Elyvilon
  2801 | Sewer    | Found a viscous altar of Jiyva.
  2960 | Sewer    | Reached XP level 7. HP: 34/46 MP: 7/7
  3151 | D:5      | Entered Level 5 of the Dungeon
  3187 | D:5      | Reached skill level 6 in Unarmed Combat
  3339 | D:5      | Found Ololuimp's Jewellery Emporium.
  3795 | D:5      | Reached ** piety under Elyvilon
  4045 | D:6      | Reached XP level 8. HP: 42/54 MP: 8/8
  4163 | D:6      | Reached skill level 7 in Unarmed Combat
  4163 | D:6      | Reached skill level 5 in Shapeshifting
  5140 | D:6      | Reached skill level 5 in Fighting
  5321 | D:4      | Noticed Dowan
  5389 | D:4      | Noticed Duvessa
  5403 | D:4      | Killed Dowan
  5404 | D:4      | Reached skill level 8 in Unarmed Combat
  5539 | D:3      | Killed Ijyb
  5663 | D:3      | Reached *** piety under Elyvilon
  6021 | D:7      | Found Soel's Assorted Antiques.
  6139 | D:7      | Found a basalt altar of Yredelemnul.
  6187 | D:7      | Found Jigigry's Book Boutique.
  6240 | D:7      | Found Raloem's General Store.
  6248 | D:7      | Reached XP level 9. HP: 61/61 MP: 9/9
  6253 | D:7      | Bought a potion of curing for 42 gold pieces
  6286 | D:7      | Found a hazy altar of Hepliaklqana.
  6287 | D:7      | Found a stormy altar of Qazlal.
  6287 | D:7      | Found a glowing silver altar of Zin.
  6339 | D:7      | Found Myaboy's Antique Weapon Shoppe.
  6438 | D:7      | Reached skill level 9 in Unarmed Combat
  6627 | D:7      | Found Kiluqont's Jewellery Shop.
  7062 | D:8      | Noticed a kobold demonologist
  7070 | D:8      | Noticed a rust devil
  7076 | D:8      | Killed a kobold demonologist
  7077 | D:8      | Reached skill level 1 in Stealth
  7108 | D:8      | Found a bloodstained altar of Trog.
  7110 | D:8      | Noticed Savior361's ghost (novice OnGl)
  7141 | D:8      | Noticed a two-headed ogre
  7149 | D:8      | Noticed a moth of wrath
  7157 | D:8      | Noticed a two-headed ogre
  7165 | D:8      | You fall into a shaft and drop 2 floors!
  7165 | D:10     | Entered Level 10 of the Dungeon
  7261 | D:9      | Reached skill level 10 in Unarmed Combat
  7261 | D:9      | Reached XP level 10. HP: 29/69 MP: 5/10
  7413 | D:9      | Noticed Erica
  7474 | D:10     | Noticed a kobold demonologist
  7894 | D:8      | Noticed a two-headed ogre
  8289 | D:8      | Found a sacrificial altar of Ru.
  8652 | D:8      | Found a transporter.
  8654 | D:8      | Found a transporter.
  9044 | D:9      | Noticed Prince Ribbit
  9238 | D:8      | Killed Prince Ribbit
  9261 | D:9      | Noticed Maurice
  9263 | D:9      | Maurice stole a beast talisman
  9264 | D:9      | Maurice stole a ring of fire
  9267 | D:8      | Maurice stole 445 gold
  9269 | D:8      | Killed Maurice
  9270 | D:8      | Reached skill level 5 in Stealth
  9270 | D:8      | Reached skill level 1 in Shields
  9437 | D:9      | Reached skill level 11 in Unarmed Combat
 10024 | D:8      | Reached XP level 11. HP: 75/75 MP: 11/11
 10251 | D:9      | Found a staircase to the Orcish Mines.
 10254 | D:9      | Reached skill level 12 in Unarmed Combat
 10377 | D:9      | Killed Erica
 10470 | D:9      | Reached **** piety under Elyvilon
 10505 | D:9      | Found a staircase to the Lair.
 10940 | D:10     | Noticed Grum
 10957 | D:10     | Killed Grum
 11226 | D:10     | Noticed a two-headed ogre
 11303 | D:10     | Noticed Maggie
 11346 | D:10     | Reached skill level 5 in Shields
 11458 | D:10     | Reached skill level 13 in Unarmed Combat
 11560 | D:11     | Noticed Snorg
 11873 | D:11     | Found a transporter.
 11878 | D:11     | Noticed Sonofthefire's ghost (journeyman OpSh)
 11880 | D:11     | Noticed a moth of wrath
 11917 | D:11     | Found a transporter.
 12209 | Lair:1   | Entered Level 1 of the Lair of Beasts
 12616 | Lair:1   | Reached XP level 12. HP: 62/82 MP: 12/12
 12818 | Lair:1   | Reached skill level 14 in Unarmed Combat
 13468 | D:5      | Bought the ring of the Jester {Fly rPois Will++ rCorr
                  | Stlth-} for 703 gold pieces
 13847 | Lair:2   | Reached ***** piety under Elyvilon
 14073 | Lair:2   | HP: 1/84 [blink frog (12)]
 14233 | Lair:2   | Reached skill level 15 in Unarmed Combat
 14500 | Lair:2   | Found a staircase to the Swamp.
 14693 | Lair:2   | Noticed a seven-headed hydra
 14747 | Lair:3   | Noticed a death yak
 14747 | Lair:3   | Noticed a death yak
 14747 | Lair:3   | Noticed a death yak
 14747 | Lair:3   | Noticed a death yak
 14747 | Lair:3   | Noticed a death yak
 15670 | D:13     | Noticed a tengu warrior
 15670 | D:13     | Noticed a centaur warrior
 15676 | D:12     | Elyvilon protects you from harm!
 15677 | D:12     | Slain by an unseen horror

Illustrated notes

Levels and vault maps discovered:
D:1:      dpeg_arrival_shrine, layout_rooms
D:2:      layout_loops_corners, basic_ecumenical_altar, minmay_misc_feat_chi
D:3:      layout_basic, kennysheep_donut, uniq_ijyb
D:4:      layout_cave_pods, minmay_temple_entry_junction, portal_sewer_entry_b,
          nicolae_twisty_statue_hallways, uniq_duvessa, uniq_pikel,
          uniq_eustachio
D:5:      layout_gridville, serial_shops, shop, minmay_holes, ldierk_geyser
D:6:      layout_basic, billiards_dpeg
D:7:      layout_loops_corners, chequers_temple_overflow_statue_of_worship,
          nicolae_overflow_hidden_temple, serial_shops, kennysheep_mini_moat,
          nicolae_stop_n_shop_2, nicolae_shop_peninsula, shop,
          nicolae_shop_hallway_plus
D:8:      layout_gridville, gammafunk_ghost_wrathful_warriors, enter_bailey_3,
          minmay_ruined_shrine
D:9:      layout_gridville, david_lair_shrubbed,
          kennysheep_orc_monster_closet_entryway, uniq_erica, uniq_maurice,
          uniq_prince_ribbit1
D:10:     layout_long_grid, uniq_grum, uniq_maggie
D:11:     layout_loops_ring, gammafunk_ghost_berserking_beasts, uniq_snorg
D:12:     layout_grid_maze, minivault_25
D:13:     layout_cave_pools, minmay_checkered_concentric_circles
Temple:   mainiacjoe_temple_coin_purse
Lair:1:   layout_long_grid
Lair:2:   layout_regular_city, mainiacjoe_swamp_entry_lozenge_pond
Lair:3:   layout_cave_pods, guppyfry_snake_entry_island, nzn_ghost_randoct

Skill      XL: |  1  2  3  4  5  6  7  8  9 10 11 12 |
---------------+-------------------------------------+-----
Fighting       | 2 3 4 5 6 7 9 |  9.2
Unarmed Combat | 4 5 6 8 10 11 13 15 | 15.3
Shapeshifting  | 4 5 6 7 |  7.1
Stealth        | 3 5 |  5.1
Dodging        | 3 4 |  4.0
Shields        | 3 6 8 |  8.1

Action                     |  1- 3 |  4- 6 |  7- 9 | 10-12 || total
---------------------------+-------+-------+-------+-------++-------
  Melee: Unarmed           |    75 |   103 |   202 |   471 ||   851
         Constrict         |     8 |    27 |    43 |    82 ||   160
         Tentacles         |     6 |    28 |    54 |   105 ||   193
         Punch             |     1 |     2 |     8 |    35 ||    46
 Invoke: Heal Self         |       |       |     5 |    13 ||    18
  Evoke: Wand              |       |       |       |     8 ||     8
    Use: Scroll            |       |       |       |     2 ||     2
   Stab: Sleeping          |    11 |     7 |     5 |     4 ||    27
         Distracted        |       |       |     1 |       ||     1
 Armour: Skin              |    26 |    44 |   122 |   295 ||   487
  Dodge: Dodged            |    32 |    61 |    99 |   199 ||   391
  Block: Kite shield       |       |       |       |   180 ||   180

Table legend: (Time is in decaauts)
 A = Elapsed time spent in this place.
 B = Non-inter-level travel time spent in this place.
 C = Inter-level travel time spent in this place.
 D = Time resting spent in this place.
 E = Time spent auto-exploring this place.
 F = Levels seen in this place.
 G = Mean time per level.
                   A        B        C        D        E       F      G
               +--------+--------+--------+--------+--------+-----+--------+
         Total |  15600 |  13581 |   2019 |   2060 |   8775 |  18 |  866.7 |
       Dungeon |  12866 |  10997 |   1869 |   1710 |   7070 |  13 |  989.7 |
        Temple |     20 |      2 |     18 |      0 |      0 |   1 |   20.0 |
          Lair |   2223 |   2091 |    132 |    350 |   1345 |   3 |  741.0 |
         Sewer |    489 |    489 |      0 |      0 |    360 |   1 |  489.0 |
               +--------+--------+--------+--------+--------+-----+--------+

Top non-repeatable levels by time:
     D:7: 1765 daAuts
     D:8: 1687 daAuts
     D:9: 1499 daAuts
  Lair:1: 1334 daAuts
     D:6: 1298 daAuts
     D:3: 1135 daAuts
     D:5: 973 daAuts
    D:10: 936 daAuts
  Lair:2: 887 daAuts
     D:2: 830 daAuts
    D:11: 785 daAuts
     D:4: 743 daAuts
    D:12: 715 daAuts
     D:1: 493 daAuts
   Sewer: 489 daAuts
